 Dungeon Crawl Stone Soup version 0.21.1-1-g345015fe64 (webtiles) character file.

12471 Oravi the Nimble (level 11, -8/89 HPs)
             Began as a Merfolk Transmuter on May 15, 2018.
             Was a High Priest of Okawaru.
             Mangled by Ryomija's ghost (14 damage)
             ... on level 12 of the Dungeon.
             The game lasted 00:44:51 (11871 turns).

Oravi the Nimble (Merfolk Transmuter)              Turns: 11871, Time: 00:44:59

Health: -8/89      AC:  6    Str: 10    XL:     11   Next: 93%
Magic:  17/22      EV: 29    Int: 16    God:    Okawaru [*****.]
Gold:   596        SH:  3    Dex: 15    Spells: 2/24 levels left

rFire    + . .     SeeInvis .   J - staff of wizardry
rCold    + . .     Gourm    .   (no shield)
rNeg     . . .     Faith    .   T - +2 robe {rC+ rF+}
rPois    .         Spirit   .   K - +0 helmet
rElec    .         Reflect  +   g - +0 cloak
rCorr    .         Harm     .   (no gloves)
MR       .....                  (no boots)
Stlth    +++.......             x - +3 amulet of reflection
HPRegen  0.24/turn              P - +2 ring of evasion
MPRegen  0.18/turn              u - +3 ring of evasion

@: about to teleport, heroism
A: change form in water, swift swim, stealthy swim
a: Heroism, Finesse, Renounce Religion


You were on level 12 of the Dungeon.
You worshipped Okawaru.
Okawaru was extremely pleased with you.
You were not hungry.

You visited 2 branches of the dungeon, and saw 13 of its levels.
You also visited: Ossuary.

You collected 596 gold pieces.

Inventory:

Hand Weapons
 L - a +1 trident of venom
 Q - a +4 demon trident
Missiles
 a - 252 arrows
Armour
 g - a +0 cloak (worn)
 q - a +1 robe of positive energy
 K - a +0 helmet (worn)
 T - a +2 robe of resistance (worn)
Magical Staves
 J - an uncursed staff of wizardry (weapon)
Jewellery
 j - an uncursed ring of protection from fire
 k - the amulet "Areotiur" {RegenMP rElec}
   (You acquired it on level 10 of the Dungeon)

   [amulet of magic regeneration]

   It increases your magic regeneration.
   It insulates you from electricity.
 u - a +3 ring of evasion (right hand)
 v - the amulet "Xowuy" {RegenMP rElec rPois MR- Dex+4}
   (You acquired it on level 10 of the Dungeon)

   [amulet of magic regeneration]

   It increases your magic regeneration.
   It affects your dexterity (+4).
   It insulates you from electricity.
   It protects you from poison.
   It affects your resistance to hostile enchantments.
 x - a +3 amulet of reflection (around neck)
 y - an uncursed amulet of the gourmand
 H - an uncursed ring of stealth {unknown}
 I - an uncursed amulet of rage
 P - a +2 ring of evasion (left hand)
Wands
 B - a wand of paralysis (7)
 F - a wand of flame (29)
 O - a wand of enslavement (26)
 R - a wand of random effects (30)
 S - a wand of iceblast (9)
Scrolls
 b - 4 scrolls of enchant armour
 e - 9 scrolls of teleportation
 i - 3 scrolls of immolation
 p - 2 scrolls of identify
 w - a scroll of remove curse
 C - 4 scrolls of enchant weapon
 M - a scroll of amnesia
 N - a scroll of fog
Potions
 f - 4 potions of brilliance
 h - a potion of magic
 l - 3 potions of flight
 m - 4 potions of agility {unknown}
 n - 2 potions of mutation {unknown}
 o - a potion of cancellation
 r - 6 potions of haste
 s - 5 potions of curing
 t - 2 potions of ambrosia {unknown}
 z - a potion of heal wounds
Books
 c - a book of Changes

   Spells                             Type                      Level
   a - Beastly Appendage              Transmutation                1
   b - Sticks to Snakes               Transmutation                2
   c - Spider Form                    Transmutation/Poison         3
   d - Ice Form                       Ice/Transmutation            4
   e - Blade Hands                    Transmutation                5
 A - a book of Geomancy

   Spells                             Type                      Level
   a - Sandblast                      Earth                        1
   b - Passwall                       Transmutation/Earth          2
   c - Stone Arrow                    Conjuration/Earth            3
   d - Petrify                        Transmutation/Earth          4
   e - Lee's Rapid Deconstruction     Earth                        5
 D - a book of Maledictions

   Spells                             Type                      Level
   a - Corona                         Hexes                        1
   b - Ensorcelled Hibernation        Hexes/Ice                    2
   c - Confuse                        Hexes                        3
   d - Tukima's Dance                 Hexes                        3
   e - Dazzling Spray                 Conjuration/Hexes            3
 G - a book of Minor Magic

   Spells                             Type                      Level
   a - Magic Dart                     Conjuration                  1
   b - Blink                          Translocation                2
   c - Call Imp                       Summoning                    2
   d - Slow                           Hexes                        2
   e - Conjure Flame                  Conjuration/Fire             3
   f - Mephitic Cloud                 Conjuration/Poison/Air       3
Comestibles
 d - 23 rations
 E - 7 chunks of flesh


   Skills:
 - Level 9.5(14.5) Fighting
 - Level 11.4(16.4) Dodging
 - Level 10.2(15.2) Unarmed Combat
 - Level 7.4 Spellcasting
 + Level 10.4 Transmutations
 + Level 2.0 Earth Magic


You had 2 spell levels left.
You knew the following spells:

 Your Spells              Type           Power        Failure   Level  Hunger
a - Spider Form           Tmut/Pois      ###.......   1%          3    ##.....
b - Sticks to Snakes      Tmut           #####...     1%          2    None
c - Ice Form              Ice/Tmut       ###.....     6%          4    ####...
d - Blade Hands           Tmut           #####.....   1%          5    #####..
e - Petrify               Tmut/Erth      ####....     3%          4    ####...
f - Passwall              Tmut/Erth      ####......   1%          2    None
g - Blink                 Tloc           N/A          8%          2    None


Dungeon Overview and Level Annotations

Branches:
Dungeon (12/15)            Temple (1/1) D:5            Lair (0/6) D:9
    Orc (0/2) D:10

Altars:
Ashenzari
Cheibriados
Dithmenos
Elyvilon
Fedhas
Gozag
Hepliaklqana
Kikubaaqudgha
Makhleb
Nemelex Xobeh
Okawaru
Qazlal
Ru
Sif Muna
Trog
Uskayaw
Vehumet
Wu Jian
Xom
Yredelemnul
Zin
The Shining One

Annotations:
D:2 1 runed door
D:12 Ryomija's ghost, journeyman MiBe


Message History

Your ball python closely misses Ryomija's ghost.
Your adder bites Ryomija's ghost but does no damage.
Your ball python closely misses Ryomija's ghost.
Your ball python barely misses Ryomija's ghost.
Your ball python bites Ryomija's ghost but does no damage.
Your ball python barely misses Ryomija's ghost.
Your ball python bites Ryomija's ghost but does no damage.
Your ball python barely misses Ryomija's ghost.
Okay, then.
Unknown command.
Okay, then.
Okay, then.
Okay, then.
As you read the scroll of teleportation, it crumbles to dust.
You feel strangely unstable.
Your ball python bites Ryomija's ghost but does no damage.
Your adder bites Ryomija's ghost but does no damage.
Ryomija's ghost says, "Try not to bleed too much."
Ryomija's ghost hits you!
You die...

....#.#...#.....###.....#
#..
.......##.......#.........
##
..............)...>..##...#
.##....#.................##
.##.#......#.......[......
#.#.##.....#.............
....#...........SSSS....#
.......##........W.S.....
#......##.......@SS.....#
.......##...........##..#
.........................
........................
.....................S...
#........................
....#................#...
...###................##
.#.....#..........


You could see Ryomija's ghost, an adder, a friendly adder and 6 friendly ball
pythons.

Vanquished Creatures
  Erica (D:8)
  3 two-headed ogres
  Urug (D:10)
  The ghost of Gargoyl the Agent of Entropy, a novice CeAK of Lugonu (D:8)
  Pikel (D:7)
  An ugly thing (D:11)
  A manticore (D:11)
  A kobold demonologist (D:11)
  A troll (D:11)
  Sigmund (D:6)
  2 wyverns (D:9)
  A wraith (Ossuary)
  A shadow (D:11)
  A hungry ghost (D:9)
  A water moccasin (D:10)
  3 orc warriors
  2 ice beasts
  A slave (D:7)
  A swamp drake (D:9)
  8 sky beasts
  2 black bears
  A hornet zombie (D:7)
  3 phantoms
  10 ogres
  A crocodile (D:9)
  4 centaurs
  3 bullfrogs
  A gnoll sergeant (D:9)
  3 scorpions
  9 killer bees
  9 wights (D:11)
  2 howler monkeys
  4 crimson imps
  2 bullfrog zombies
  9 hounds
  7 orc priests
  8 orc wizards
  4 jellies
  Jessica (D:3)
  2 centaur skeletons
  2 worker ants
  Terence (D:3)
  4 iguanas
  Natasha (thrice) (D:2)
  2 big kobold zombies (Ossuary)
  2 hound zombies (D:8)
  3 mummies (Ossuary)
  2 worker ant zombies
  12 gnolls
  8 adders
  A shadow imp (D:7)
  2 oozes
  An adder zombie (D:5)
  2 worms
  2 dart slugs
  8 leopard geckos
  52 orcs
  6 bats
  9 giant cockroaches
  8 goblins
  4 hobgoblins
  9 jackals (D:6)
  6 kobolds
  7 quokkas
  A ball python (D:2)
  3 frilled lizards
  A goblin zombie (Ossuary)
  5 hobgoblin zombies (Ossuary)
  3 kobold zombies (Ossuary)
  An orc zombie (D:5)
  A quokka skeleton (D:9)
  9 rats
298 creatures vanquished.

Vanquished Creatures (others)
  A hound skeleton (D:7)
  A quokka (D:7)
2 creatures vanquished.

Grand Total: 300 creatures vanquished

Notes
Turn   | Place    | Note
-------+----------+-------------------------------------------
     0 | D:1      | Oravi the Merfolk Transmuter began the quest for the Orb.
     0 | D:1      | Reached XP level 1. HP: 15/15 MP: 3/3
   171 | D:1      | Reached XP level 2. HP: 13/21 MP: 3/5
   624 | D:2      | Reached XP level 3. HP: 21/26 MP: 6/6
   628 | D:2      | Learned a level 2 spell: Sticks to Snakes
   632 | D:2      | Learned a level 3 spell: Spider Form
   639 | D:2      | Noticed Natasha
   646 | D:2      | Reached XP level 4. HP: 21/32 MP: 4/7
   857 | D:2      | Found a runed door.
  1044 | D:2      | Found a snail-covered altar of Cheibriados.
  1071 | D:2      | Killed Natasha
  1071 | D:2      | Reached skill level 3 in Dodging
  1149 | D:2      | Noticed Natasha
  1158 | D:2      | Killed Natasha
  1158 | D:2      | Reached XP level 5. HP: 12/37 MP: 1/8
  1162 | D:2      | Noticed Natasha
  1193 | D:2      | Killed Natasha
  1614 | D:3      | Noticed Jessica
  1622 | D:3      | Killed Jessica
  1716 | D:3      | Reached XP level 6. HP: 36/44 MP: 5/10
  1916 | D:3      | Found a sacrificial altar of Ru.
  1926 | D:3      | Reached skill level 5 in Transmutations
  2029 | D:3      | Reached skill level 5 in Unarmed Combat
  2320 | D:3      | Found a stormy altar of Qazlal.
  2320 | D:3      | Found a glowing silver altar of Zin.
  2383 | D:3      | Noticed Terence
  2393 | D:3      | Killed Terence
  2606 | D:4      | Reached skill level 4 in Dodging
  2780 | D:3      | Reached XP level 7. HP: 42/51 MP: 1/11
  3979 | D:5      | Entered Level 5 of the Dungeon
  4068 | D:5      | Found a bloodstained altar of Trog.
  4073 | D:5      | Found a shattered altar of Ashenzari.
  4149 | D:5      | Reached skill level 5 in Dodging
  4205 | D:5      | Found a staircase to the Ecumenical Temple.
  4212 | Temple   | Entered the Ecumenical Temple
  4255 | Temple   | Became a worshipper of Warmaster Okawaru
  4358 | D:5      | Found a sand-covered staircase.
  4370 | Ossuary  | Entered an ossuary
  4370 | Ossuary  | Noticed a wraith
  4370 | Ossuary  | Noticed a wraith
  4370 | Ossuary  | Noticed a wraith
  4396 | Ossuary  | Reached XP level 8. HP: 55/59 MP: 10/13
  4865 | Ossuary  | Noticed a wraith
  4875 | Ossuary  | Killed a wraith
  5702 | D:6      | Reached * piety under Okawaru
  5713 | D:6      | Reached skill level 6 in Dodging
  5741 | D:6      | Noticed Sigmund
  5788 | D:6      | Reached skill level 5 in Fighting
  5790 | D:6      | Reached XP level 9. HP: 59/68 MP: 11/14
  5820 | D:6      | Learned a level 4 spell: Ice Form
  5826 | D:6      | Learned a level 5 spell: Blade Hands
  5877 | D:6      | Found a basalt altar of Yredelemnul.
  5966 | D:6      | Killed Sigmund
  6023 | D:6      | Reached skill level 7 in Dodging
  6048 | D:6      | Found a white marble altar of Elyvilon.
  6620 | D:7      | Reached ** piety under Okawaru
  6769 | D:7      | Noticed Pikel
  6809 | D:7      | Killed Pikel
  6809 | D:7      | Reached skill level 8 in Dodging
  6809 | D:7      | Reached skill level 10 in Unarmed Combat
  7047 | D:8      | Reached XP level 10. HP: 77/77 MP: 11/15
  7134 | D:8      | Reached skill level 9 in Dodging
  7148 | D:8      | Found an opulent altar of Gozag.
  7246 | D:8      | Noticed a two-headed ogre
  7261 | D:8      | Killed a two-headed ogre
  7414 | D:8      | Reached *** piety under Okawaru
  7419 | D:8      | Found a shadowy altar of Dithmenos.
  7443 | D:8      | Noticed Erica
  7450 | D:8      | Reached skill level 10 in Dodging
  7460 | D:8      | Killed Erica
  7796 | D:8      | Found an iron altar of Okawaru.
  7844 | D:8      | Noticed Gargoyl's ghost (novice CeAK)
  7872 | D:8      | Killed Gargoyl's ghost
  8306 | D:9      | Reached skill level 5 in Spellcasting
  8606 | D:9      | Reached **** piety under Okawaru
  8606 | D:9      | Reached XP level 11. HP: 80/87 MP: 6/19
  8691 | D:9      | Found a staircase to the Lair.
  9263 | D:10     | Entered Level 10 of the Dungeon
  9287 | D:10     | Noticed a two-headed ogre
  9295 | D:10     | Killed a two-headed ogre
  9438 | D:10     | Found a staircase to the Orcish Mines.
  9454 | D:10     | Noticed Urug
  9468 | D:10     | Killed Urug
  9870 | D:10     | Learned a level 2 spell: Blink
  9873 | D:10     | Learned a level 2 spell: Passwall
  9878 | D:10     | Learned a level 4 spell: Petrify
  9925 | D:10     | Identified 2 scrolls of acquirement
  9927 | D:10     | Got a scintillating ruby amulet
  9927 | D:10     | Got a slimy golden amulet
  9928 | D:10     | Identified the amulet "Areotiur" {RegenMP rElec} (You acquired it on level 10 of the Dungeon)
  9929 | D:10     | Identified the amulet "Xowuy" {RegenMP rElec rPois MR- Dex+4} (You acquired it on level 10 of the Dungeon)
 10496 | D:11     | Noticed a manticore
 10507 | D:11     | Killed a manticore
 10787 | D:11     | Noticed a purple ugly thing
 10795 | D:11     | Killed a purple ugly thing
 10795 | D:11     | Reached skill level 11 in Dodging
 10904 | D:11     | Reached ***** piety under Okawaru
 11117 | D:11     | Received a gift from Okawaru
 11509 | D:11     | Reached skill level 10 in Transmutations
 11739 | D:12     | Reached skill level 1 in Earth Magic
 11756 | D:12     | Noticed a two-headed ogre
 11827 | D:12     | Killed a two-headed ogre
 11845 | D:12     | Noticed Ryomija's ghost (journeyman MiBe)
 11871 | D:12     | Mangled by Ryomija's ghost

Skill      XL: |  1  2  3  4  5  6  7  8  9 10 11 |
---------------+----------------------------------+-----
Transmutations | 3 4 5 6 8 10 | 10.4
Unarmed Combat | 4 5 6 8 10 | 10.2
Dodging        | 3 4 5 6 8 10 11 | 11.4
Fighting       | 2 3 5 6 8 9 |  9.5
Spellcasting   | 3 5 7 |  7.4
Earth Magic    | 2 |  2.0

Action                   |  1- 3 |  4- 6 |  7- 9 | 10-12 || total
-------------------------+-------+-------+-------+-------++-------
Melee: Unarmed           |    58 |   146 |   304 |   471 ||   979
       Headbutt          |     6 |       |       |       ||     6
       Punch             |     2 |       |       |       ||     2
       Tailslap          |       |     2 |       |       ||     2
       Staff             |       |       |       |     2 ||     2
 Cast: Beastly Appendage |    12 |       |       |       ||    12
       Spider Form       |     1 |    29 |    46 |    58 ||   134
       Sticks to Snakes  |       |       |       |    12 ||    12
       Blade Hands       |       |       |       |     1 ||     1
Invok: Heroism           |       |       |     1 |     9 ||    10
 Abil: End Transformatio |       |       |     2 |       ||     2
  Use: Potion            |       |     2 |     1 |     1 ||     4
       Scroll            |       |       |    16 |     9 ||    25
 Stab: Sleeping          |       |     6 |     1 |     2 ||     9
       Distracted        |       |       |       |     1 ||     1
  Eat: Chunk             |       |    10 |    13 |    21 ||    44
       Ration            |       |       |     2 |       ||     2
Armor: Robe              |    12 |     2 |     3 |     3 ||    20
       Skin              |       |     4 |     6 |     4 ||    14
Dodge: Dodged            |    39 |   119 |   259 |   399 ||   816
Block: Other             |       |       |    10 |    40 ||    50
       Reflection        |       |       |     1 |     2 ||     3
